Map: Eternal Empire LE

Players

soO - Winner!

  • Race: Zerg Zerg
  • Spawn Location: 1:00

SpeCial

  • Race: Terran Terran
  • League: Master
  • Spawn Location: 7:00

Event: Shopify TSL 5

VOD

Have the link to the VOD?

Description

Time

  • Played on: May 24, 2020, 8:30 a.m.
  • Length: 9:27

All games in this series

Show
View Real Time Build Order
Export as new Build Order

soO Zerg - Winner!

Build Orders: Hatch First, Muta Ling Bane 

Get SALT Encoding   

  12  0:00  Drone  
  13  0:12  Overlord  
  13  0:16  Drone  
  14  0:30  Drone x2  
  16  0:48  Hatchery  
  15  0:51  Drone  
  15  0:54  Drone  
  17  0:57  Drone  
  18  1:08  Extractor  
  17  1:13  Spawning Pool  
  17  1:17  Drone  
  17  1:20  Drone  
  18  1:27  Drone  
  19  1:38  Drone  
  20  1:49  Overlord  
  20  1:59  Queen x2  
  20  2:00  Zergling x4  
  26  2:11  Drone x2, Metabolic Boost  
  28  2:22  Drone x2  
  30  2:35  Queen  
  32  2:37  Overlord  
  32  2:40  Queen  
  32  2:42  Drone  
  35  2:45  Drone  
  36  2:58  Drone x2  
  38  3:00  Drone  
  40  3:05  Drone  
  40  3:08  Drone x4  
  40  3:09  Overlord  
  40  3:11  Overlord  
  44  3:17  Lair  
  44  3:26  Extractor  
  44  3:27  Drone  
  44  3:28  Drone x4  
  48  3:39  Hatchery  
  47  3:42  Drone  
  47  3:43  Drone  
  47  3:44  Drone  
  47  3:46  Drone  
  51  3:48  Extractor  
  51  3:49  Drone  
  51  3:50  Extractor  
  51  3:54  Queen  
  52  4:00  Drone x2  
  54  4:05  Zergling x4  
  56  4:11  Baneling Nest  
  56  4:12  Drone  
  56  4:15  Spire  
  55  4:17  Drone  
  55  4:18  Zergling x2  
  57  4:24  Spore Crawler  
  57  4:29  Zergling x2  
  57  4:30  Zergling x2  
  58  4:34  Drone  
  58  4:37  Drone  
  55  4:42  Drone x3  
  58  4:49  Drone x2  
  58  4:50  Overlord  
  58  4:52  Drone  
  61  5:03  Overlord  
  61  5:07  Drone  
  61  5:13  Drone  
  63  5:21  Overlord  
  63  5:23  Drone  
  63  5:24  Drone  
  65  5:31  Mutalisk  
  65  5:32  Mutalisk x6  
  76  5:38  Drone x3  
  79  5:43  Drone x2  
  79  5:45  Drone  
  78  5:50  Drone x3  
  78  5:52  Drone  
  78  5:54  Drone  
  83  5:57  Drone x2  
  83  5:59  Drone  
  83  6:03  Drone x2  
  88  6:05  Zerg Flyer Weapons Level 1  
  88  6:06  Drone  
  89  6:12  Overlord  
  89  6:14  Centrifical Hooks  
  89  6:17  Extractor x2, Overlord  
  86  6:27  Overlord  
  86  6:29  Evolution Chamber, Overlord  
  86  6:31  Evolution Chamber, Mutalisk x2  
  88  6:33  Drone  
  88  6:34  Overlord  
  88  6:36  Drone x3  
  92  6:44  Zergling x14  
  97  6:47  Drone x2  
  97  6:49  Drone x2  
  101  6:56  Zerg Ground Armor Level 1, Zerg Melee Weapons Level 1  
  101  6:59  Drone x2  
  101  7:00  Drone  
  104  7:05  Mutalisk x3  
  110  7:19  Hatchery  
  110  7:20  Zergling x12  
  115  7:28  Mutalisk x3  
  121  7:31  Baneling  
  121  7:32  Baneling x8  
  121  7:33  Overlord  
  121  7:38  Overseer  
  121  7:39  Overlord  
  121  7:44  Overlord  
  121  7:48  Overseer  
  121  7:52  Zergling x6  
  121  7:55  Baneling  
  121  7:56  Baneling x4  
  121  7:57  Zergling x16  
  130  8:08  Drone x3, Overlord  
  130  8:09  Mutalisk x2  
  130  8:10  Zergling x2  
  130  8:11  Zergling x8  
  142  8:17  Baneling x7  
  141  8:22  Zergling x2  
  141  8:23  Zergling x4  
  143  8:27  Zergling x6  
  143  8:29  Baneling x5  
  143  8:33  Zergling x2  
  146  8:40  Zergling x12  
  138  8:46  Zergling x8, Baneling x9  
  142  8:53  Zergling x4  
  133  9:03  Mutalisk  
  133  9:05  Zergling x10  
  133  9:08  Overlord  
Show
View Real Time Build Order
Export as new Build Order

SpeCial Terran 

Build Orders: Reaper Expand 

Get SALT Encoding   

  12  0:00  SCV  
  13  0:13  SCV  
  14  0:17  Supply Depot  
  14  0:25  SCV  
  15  0:39  SCV  
  15  0:40  Barracks  
  16  0:43  Refinery  
  16  0:51  SCV  
  17  1:03  SCV  
  18  1:15  SCV  
  19  1:27  Orbital Command  
  19  1:28  Reaper  
  20  1:40  Command Center  
  20  1:49  Supply Depot  
  20  1:53  SCV  
  21  2:00  Marine  
  22  2:05  Factory  
  22  2:09  SCV  
  22  2:14  Refinery  
  23  2:20  Barracks Reactor  
  23  2:22  SCV  
  24  2:34  SCV  
  25  2:47  SCV  
  25  2:50  Starport  
  26  2:53  Orbital Command  
  26  2:59  SCV  
  26  3:00  Hellion  
  26  3:01  Hellion  
  30  3:06  Marine  
  30  3:11  SCV  
  32  3:19  SCV, Supply Depot  
  33  3:22  Widow Mine  
  33  3:24  Widow Mine  
  37  3:27  Medivac  
  37  3:30  SCV  
  37  3:31  Barracks Tech Lab  
  40  3:40  SCV  
  41  3:42  SCV  
  41  3:44  Supply Depot  
  41  3:47  Hellion  
  44  3:49  Hellion  
  44  3:53  SCV, Stimpack  
  44  3:54  SCV  
  48  4:05  SCV  
  49  4:14  Command Center  
  49  4:15  SCV  
  51  4:17  SCV  
  51  4:24  Supply Depot  
  51  4:27  SCV  
  51  4:30  Barracks  
  52  4:32  SCV, Marine  
  52  4:37  Factory Reactor, Starport Reactor  
  50  4:39  SCV  
  50  4:40  Barracks  
  50  4:44  SCV  
  50  4:48  Engineering Bay  
  50  4:50  Marine  
  50  4:51  SCV  
  52  4:56  SCV  
  52  4:57  Engineering Bay  
  53  5:03  SCV  
  54  5:07  Marine  
  54  5:09  SCV  
  56  5:14  Terran Infantry Weapons Level 1, Refinery  
  56  5:15  SCV, Refinery  
  56  5:18  Marine x2  
  56  5:19  Medivac  
  56  5:21  SCV  
  62  5:23  Missile Turret, Factory Reactor  
  62  5:24  Terran Infantry Armor Level 1  
  62  5:25  Marine  
  62  5:27  SCV  
  64  5:34  Missile Turret  
  64  5:36  Marine x2, Combat Shield  
  64  5:37  SCV  
  64  5:38  Orbital Command  
  67  5:43  Marine  
  67  5:47  SCV  
  67  5:49  SCV  
  66  5:51  Marine x2  
  66  5:54  Marine  
  67  5:59  SCV, Marine  
  67  6:01  SCV, Marine  
  71  6:05  Missile Turret  
  71  6:07  Widow Mine, Supply Depot  
  71  6:08  Widow Mine  
  71  6:09  Marine x2  
  77  6:11  SCV  
  77  6:12  Marine  
  77  6:14  Orbital Command  
  79  6:19  Marine  
  79  6:22  Barracks  
  79  6:23  SCV, Barracks  
  80  6:25  SCV  
  80  6:34  Supply Depot  
  80  6:35  SCV, Marine x2  
  80  6:37  SCV  
  83  6:42  SCV  
  83  6:46  Widow Mine x2  
  86  6:47  SCV, Medivac x2  
  86  6:49  SCV  
  86  6:51  Supply Depot  
  86  6:54  SCV  
  93  6:56  Marine x3  
  93  6:59  SCV  
  95  7:01  Missile Turret  
  95  7:02  SCV  
  95  7:04  Marine  
  95  7:05  Marine  
  95  7:06  SCV  
  95  7:08  Widow Mine x2  
  103  7:11  SCV  
  103  7:12  Barracks Reactor x2  
  103  7:14  SCV, Marine x2  
  107  7:15  Armory  
  107  7:18  Medivac  
  106  7:23  Medivac  
  106  7:25  Marine x3  
  106  7:29  SCV x2  
  112  7:30  Factory  
  112  7:31  Refinery  
  112  7:32  Supply Depot  
  112  7:36  Marine x2, Supply Depot  
  114  7:42  SCV, Marine  
  114  7:43  Marine x2  
  117  7:53  Marine x3  
  117  7:54  SCV x2, Widow Mine  
  117  7:55  Marine x3  
  123  8:00  Marine, Supply Depot  
  123  8:01  Marine x2  
  123  8:02  Widow Mine  
  123  8:03  Supply Depot  
  128  8:11  Marine  
  129  8:18  Marine x2  
  129  8:19  Marine  
  132  8:20  Marine  
  132  8:22  Widow Mine  
  132  8:24  Marine x2  
  139  8:27  Factory Tech Lab  
  139  8:28  Marine  
  139  8:29  Marine x2  
  139  8:36  Marine x3  
  139  8:38  Marine  
  122  8:41  Widow Mine, Medivac x2  
  122  8:42  Marine x2  
  122  8:43  Widow Mine  
  122  8:45  Marine  
  122  8:47  Marine x2  
  133  8:48  Supply Depot  
  133  8:51  Widow Mine  
  133  8:54  Marine x2  
  137  9:01  Marine  
  111  9:03  Marine x4  
  111  9:05  Marine x2  
  111  9:06  Widow Mine x2  
Tags
 
Add a new tag
Caveats
  • Supply blocks, unpowered buildings, or Contaminate may cause inaccurate times.
  • Supply counts are checked every 10 seconds.